 Dungeon Crawl Stone Soup version 0.32-a0-86-g8db1b9f803 (webtiles) character file.

Game seed: 12650717923622270144

92 Sobieck the Trooper (level 4, 0/29 HPs)
             Began as a Gargoyle Monk on Feb 5, 2024.
             Was a Believer of Zin.
             Incinerated by a bombardier beetle (4 damage)
             ... with a burning spray
             ... on level 3 of the Dungeon.
             The game lasted 00:03:26 (1945 turns).

Sobieck the Trooper (Gargoyle Monk)                 Turns: 1945, Time: 00:03:26

Health: 0/29       AC: 13    Str: 16    XL:     4   Next: 60%
Magic:  4/4        EV:  8    Int: 11    God:    Zin [**....]
Gold:   113        SH:  0    Dex: 12    Spells: 3/3 levels left

rFire   . . .        a - +0 hand axe
rCold   . . .        d - orb {light}
rNeg    + + .        u - +0 chain mail
rPois   ∞            v - +1 hat
rElec   +            (no cloak)
rCorr   .            (no gloves)
SInv    .            (no boots)
Will    .....        (no amulet) Stlth
                     j - ring of positive energy
HPRegen 0.24/turn    (no ring)
MPRegen 0.09/turn

%: no passive effects
@: on fire, glowing
A: sickness immunity, AC +3, negative energy resistance 1, electricity
resistance, torment resistance 1, petrification resistance
a: Renounce Religion, Recite, Vitalisation, Donate Gold


You were on level 3 of the Dungeon.
You worshipped Zin.
Zin was pleased with you.
You visited 1 branch of the dungeon, and saw 4 of its levels.

You collected 125 gold pieces.
You donated 12 gold pieces to Zin.

Inventory:

Hand Weapons
 a - a +0 hand axe (weapon)
Missiles
 g - 12 poisoned darts (quivered)
 i - 32 stones
Armour
 b - a +0 robe
 d - an orb of light (worn)
 p - a +0 ring mail
 u - a +0 chain mail (worn)
 v - a +1 hat (worn)
Jewellery
 j - a ring of positive energy (left hand)
 m - a ring of see invisible
Scrolls
 e - a scroll of poison {unknown}
 h - a scroll of enchant armour {unknown}
 k - 2 scrolls of identify {unknown}
 q - a scroll of teleportation {unknown}
 r - a scroll of summoning {unknown}
Potions
 c - a potion of ambrosia
 f - a potion of heal wounds {unknown}
 l - 2 potions of brilliance {unknown}
 n - 2 potions of curing {unknown}
 o - a potion of resistance {unknown}
 s - a potion of berserk rage {unknown}
 t - 2 potions of mutation {unknown}


   Skills:
 + Level 3.9 Fighting
 * Level 3.6 Axes
 + Level 1.7 Armour
 + Level 2.9 Dodging


You had 3 spell levels left.
You didn't know any spells.
Your spell library contained the following spells:

 Spells                   Type           Power      Damage    Failure   Level
 Summon Small Mammal      Summ           0%         N/A       99%         1
 Call Canine Familiar     Summ           0%         N/A       100%        3
 Summon Blazeheart Golem  Fire/Summ      0%         N/A       100%        4


Dungeon Overview and Level Annotations

Branches:
Dungeon (4/15)
 Temple: D:4-7

Altars:
Zin


Innate Abilities, Weirdness & Mutations

You are immune to sickness and miasma.
Your stone body is resilient. (AC +3)
You are immune to poison.
You resist negative energy. (rN+)
You are resistant to electric shocks. (rElec)
You are resistant to unholy torment.
You are immune to petrification.


Message History

You pay a tithe of 1 gold.
You now have 113 gold pieces (gained 5).
A kobold comes into view. It is wielding a +0 dagger.
Unknown command.
A kobold is nearby!
You hit the kobold but do no damage. The kobold completely misses you.
You hit the kobold but do no damage. The kobold hits you but does no damage.
You barely miss the kobold. The kobold barely misses you.
You hit the kobold.
You kill the kobold!
No target in view!
A bombardier beetle comes into view.
Things that are here:
a +0 dagger; a stone; a kobold corpse A bombardier beetle is nearby!
A bombardier beetle is nearby!
You hit the bombardier beetle.
The bombardier beetle is lightly wounded.
You hit the bombardier beetle but do no damage.
The bombardier beetle is lightly wounded.
The bombardier beetle sprays incendiary fluid at you.
The burning spray hits you.
You are covered in liquid fire!
You hit the bombardier beetle.
The bombardier beetle is lightly wounded.
The liquid fire burns you!
The bombardier beetle bites you but does no damage.
You hit the bombardier beetle.
The bombardier beetle is heavily wounded.
The liquid fire burns you!
You barely miss the bombardier beetle.
The bombardier beetle is heavily wounded.
The liquid fire burns you!
* * * LOW HITPOINT WARNING * * *
The bombardier beetle sprays incendiary fluid at you.
The burning spray hits you.
You are even more covered in liquid fire!
You hit the bombardier beetle.
The bombardier beetle is heavily wounded.
The liquid fire burns you!
* * * LOW HITPOINT WARNING * * *
You hit the bombardier beetle.
The bombardier beetle is severely wounded.
The liquid fire burns you!
* * * LOW HITPOINT WARNING * * *
The bombardier beetle barely misses you.
Unknown command.
You shake off some of the fire as you move.
The liquid fire burns you!
You die...

########### .##
#..........
...##..........
....#..........
...............
##..#
..................
#...#....
#..@B......
..#.#......
#..........
..#........
##.########
............ #)#
............ #.#
.......)....###.#
#<..###.##......#
..#.....####....###
.######...###.....#


You could see a bombardier beetle.

Vanquished Creatures
  Terence (D:4)
  An adder (D:2)
  A ribbon worm (D:2)
  A dart slug (D:2)
  4 bats
  3 endoplasms
  4 giant cockroaches
  4 hobgoblins
  3 jackals (D:2)
  3 quokkas
  3 ball pythons (D:2)
  6 frilled lizards
  6 goblins
  5 kobolds
  6 rats (D:2)
51 creatures vanquished.

Notes
Turn   | Place    | Note
-------+----------+-------------------------------------------
     0 | D:1      | Sobieck the Gargoyle Monk began the quest for the Orb.
     0 | D:1      | Reached XP level 1. HP: 14/14 MP: 1/1
    97 | D:1      | Reached XP level 2. HP: 19/19 MP: 2/2
   149 | D:1      | Reached skill level 3 in Axes
   509 | D:2      | Reached skill level 1 in Armour
   509 | D:2      | Reached XP level 3. HP: 23/23 MP: 3/3
   870 | D:2      | Found a glowing silver altar of Zin.
  1023 | D:2      | Became a worshipper of Zin the Law-Giver
  1023 | D:2      | Reached * piety under Zin
  1023 | D:2      | Reached ** piety under Zin
  1309 | D:2      | You fall into a shaft and drop 2 floors!
  1356 | D:4      | Reached XP level 4. HP: 29/29 MP: 4/4
  1371 | D:3      | Noticed Terence
  1405 | D:4      | Killed Terence
  1945 | D:3      | Incinerated by a bombardier beetle

Illustrated notes

Levels and vault maps discovered:
D:1:      lightli_arrival_windingriver, layout_rooms
D:2:      layout_basic, basic_altar
D:3:      layout_rooms, nicolae_ashenzari_skybound,
          nicolae_uskayaw_murder_on_the_dancefloor, uniq_terence
D:4:      layout_loops_corners, mainiacjoe_overflow_cross_hatched,
          amcnicky_altar_gilded, minmay_temple_entry_proselytizer,
          serial_co_window_serial, co_window_corner_a, co_window_corner_a,
          co_window_paths_b, co_window_cross_1, co_window_paths_a,
          co_window_paths_a, co_window_paths_b, co_window_broadway_a,
          co_window_cross_3, co_window_corner_ca, co_window_unsneaky_path_a,
          co_window_4corner_b, co_window_paths_e, glass_columns_c,
          glass_columns_b, glass_columns_b, glass_columns_a, glass_columns_c

Skill      XL: |  1  2 |
---------------+-------+-----
Axes           | 3 |  3.6
Armour         | 1 |  1.7
Fighting       | |  3.9
Dodging        | |  2.9

Action                     |  1- 3 |  4- 6 || total
---------------------------+-------+-------++-------
  Melee: Hand axe          |   103 |    53 ||   156
 Armour: Robe              |    34 |       ||    34
         Ring mail         |    19 |    20 ||    39
         Chain mail        |       |     9 ||     9
  Dodge: Dodged            |    74 |    22 ||    96

Table legend: (Time is in decaauts)
 A = Elapsed time spent in this place.
 B = Non-inter-level travel time spent in this place.
 C = Inter-level travel time spent in this place.
 D = Time resting spent in this place.
 E = Time spent auto-exploring this place.
 F = Levels seen in this place.
 G = Mean time per level.
                   A        B        C        D        E       F      G
               +--------+--------+--------+--------+--------+-----+--------+
         Total |   1968 |   1775 |    193 |     95 |   1282 |   4 |  492.0 |
       Dungeon |   1968 |   1775 |    193 |     95 |   1282 |   4 |  492.0 |
               +--------+--------+--------+--------+--------+-----+--------+

Top non-repeatable levels by time:
     D:2: 1198 daAuts
     D:1: 488 daAuts
     D:4: 191 daAuts
     D:3: 90 daAuts
